 Dungeon Crawl Stone Soup version 0.22.1-1-ga44c0e5 (webtiles) character file.

16945 YellowHerb the Cleaver (level 12, 0/124 HPs)
             Began as a Gargoyle Berserker on Sept 29, 2018.
             Was a High Priest of Trog.
             Slain by a 19-headed hydra (12 damage)
             ... on level 12 of the Dungeon.
             The game lasted 01:13:39 (10559 turns).

YellowHerb the Cleaver (Gargoyle Berserker)        Turns: 10559, Time: 01:13:40

Health: 0/124      AC: 22    Str: 35 (37) XL:     12   Next: 42%
Magic:  12/12      EV: 15    Int: 11      God:    Trog [*****.]
Gold:   503        SH:  5    Dex:  9      Spells: 11/11 levels left

rFire    . . .     SeeInvis .   q - +2 hand axe (chop)
rCold    . . .     Gourm    +   n - +0 buckler
rNeg     + + .     Faith    .   I - +0 troll leather armour
rPois    ∞         Spirit   .   E - +2 hat
rElec    +         Reflect  .   j - +1 cloak
rCorr    +         Harm     .   x - +0 pair of gloves "Deosutagg" {Str+7}
MR       .....     Rnd*Rage +   u - +0 pair of boots
Stlth    ..........             z - amulet of the gourmand
HPRegen  0.70/turn              i - ring of resist corrosion
MPRegen  0.13/turn              H - ring of positive energy

@: berserking (expiring), very quick
A: yellow scales 1, berserk 1, blurry vision 1, clever 1, negative energy
resistance 1, robust 1, electricity resistance, unbreathing, petrification
resistance, rot immunity, AC +8
a: Berserk, Trog's Hand, Brothers in Arms, Renounce Religion


You were on level 12 of the Dungeon.
You worshipped Trog.
Trog was extremely pleased with you.
You were completely stuffed.

You visited 1 branch of the dungeon, and saw 12 of its levels.

You collected 734 gold pieces.
You spent 231 gold pieces at shops.

Inventory:

Hand Weapons
 q - a +2 hand axe of chopping (weapon)
Missiles
 p - a silver tomahawk (quivered)
Armour
 j - a +1 cloak (worn)
 n - a +0 buckler (worn)
 u - a +0 pair of boots (worn)
 x - the +0 pair of gloves "Deosutagg" (worn) {Str+7}
   (You found it on level 4 of the Dungeon)

   It affects your strength (+7).
 E - a +2 hat (worn)
 I - a +0 troll leather armour (worn)
Jewellery
 i - a ring of resist corrosion (left hand)
 z - an amulet of the gourmand (around neck)
 H - a ring of positive energy (right hand)
Wands
 g - a wand of paralysis (15)
 s - a wand of iceblast (11)
 D - a wand of disintegration (17)
 G - a wand of acid (2)
Scrolls
 m - 5 scrolls of identify
 t - 2 scrolls of fog
 v - 7 scrolls of remove curse
 y - 2 scrolls of magic mapping
 A - a scroll of fear
 B - 2 scrolls of blinking
 C - 4 scrolls of teleportation
Potions
 b - a potion of agility
 e - a potion of ambrosia
 f - 4 potions of heal wounds
 h - a potion of lignification {unknown}
 k - 4 potions of curing
 l - a potion of brilliance {unknown}
 o - a potion of magic {unknown}
 r - a potion of flight
 w - a potion of berserk rage
 F - a potion of invisibility
 J - a potion of haste {unknown}
Miscellaneous
 d - a fan of gales
Comestibles
 c - 20 rations
 K - 6 chunks of flesh


   Skills:
 + Level 9.5 Fighting
 + Level 12.1(12.3) Axes
   Level 4.2(9.6) Maces & Flails
 + Level 2.6 Throwing
 + Level 4.3 Armour
 + Level 7.3 Dodging
 + Level 8.1 Shields


You had 11 spell levels left.
You didn't know any spells.
Your spell library was empty.

Dungeon Overview and Level Annotations

Branches:
Dungeon (12/15)            Temple (0/1) D:5            Lair (0/6) D:9
    Orc (0/2) D:9

Altars:
Dithmenos
Fedhas
Ru
Sif Muna
Trog
Uskayaw
Vehumet
Yredelemnul
Zin
The Shining One

Shops:
D:4 (   D:6 :!(


Innate Abilities, Weirdness & Mutations

You are resistant to torment.
Your stone body is resilient. (AC +8)
You are immune to poison.
You resist negative energy. (rN+)
You are resistant to electric shocks. (rElec)
You can survive without breathing.
You are immune to petrification.
You are immune to rotting.
You are partially covered in yellow scales. (AC +2)
You tend to lose your temper in combat.
Scrolls take you a little longer to read.
Your mind is acute. (Int +2)
You are robust. (+10% HP)


Message History

The 17-headed hydra bites you!
* * * LOW HITPOINT WARNING * * *
The 17-headed hydra bites you but does no damage. x2
The 17-headed hydra closely misses you.
The 17-headed hydra bites you but does no damage. x2
You hack one of the 17-headed hydra's heads off!
The 16-headed hydra grows two more!
You slash the 18-headed hydra!
The 18-headed hydra is severely wounded.
You lop one of the 18-headed hydra's heads off!
The 17-headed hydra grows two more!
You slice the 19-headed hydra!!
The 19-headed hydra is severely wounded.
The 19-headed hydra bites you but does no damage. x5
The 19-headed hydra bites you.
* * * LOW HITPOINT WARNING * * *
The 19-headed hydra bites you but does no damage.
The 19-headed hydra bites you.
* * * LOW HITPOINT WARNING * * *
The 19-headed hydra bites you but does no damage. x3
You block the 19-headed hydra's attack. The 19-headed hydra bites you!
You die...

#..### . #. ##...###..
... ..†#.....#
######..####
...†...######...........
....##.....#..(.........
....######..............
......).##.....$........
...####)†!..(.........[.
...# #####...(.@D......
...# #....(†....... ####
#..............
#...#............
..####.....#..... .##
....####..## .###.# #...
.# #.# ..# #! ..#


You could see a 19-headed hydra.

Vanquished Creatures
  3 two-headed ogres
  2 ugly things
  2 cyclopes (D:12)
  5 gargoyles
  A tengu conjurer (D:10)
  3 trolls
  The ghost of MalarOregon the Shield-Bearer, an amateur MiFi (D:3)
  2 polar bears (D:11)
  A hornet (D:7)
  6 slime creatures (D:12)
  3 hippogriffs
  Sigmund (D:5)
  18 yaks
  A hungry ghost (D:11)
  4 vampire mosquitoes (D:12)
  2 steam dragons
  A water moccasin (D:11)
  7 orc warriors
  An ice beast (D:10)
  An eye of draining (D:11)
  An ogre (D:4)
  2 necrophages
  3 centaurs
  2 phantoms
  4 bullfrogs
  Blork the orc (D:4)
  2 scorpions
  6 killer bees (D:9)
  5 wights (D:10)
  4 howler monkeys
  6 crimson imps
  2 jellies
  4 centaur skeletons
  10 orc priests
  Crazy Yiuf (D:7)
  10 hounds
  11 orc wizards
  A bullfrog skeleton (D:9)
  An iguana (D:10)
  Jessica (D:2)
  Ijyb (D:5)
  Terence (D:2)
  13 worker ants
  A killer bee zombie (D:10)
  2 hound zombies
  3 worker ant zombies
  3 gnolls (D:4)
  A howler monkey skeleton (D:4)
  13 adders
  4 shadow imps
  3 oozes
  3 worms
  3 dart slugs
  5 leopard geckos
  50 orcs
  4 ball pythons
  5 giant cockroaches
  5 goblins
  7 hobgoblins
  23 jackals
  13 kobolds
  6 quokkas
  6 bats
  2 frilled lizards
  2 quokka skeletons
  15 rats
  A bush (D:2)
  4 plants
341 creatures vanquished.

Vanquished Creatures (others)
  A yak (D:12)
  An orc (D:5)
  A bush (D:9)
  8 plants (D:9)
11 creatures vanquished.

Grand Total: 352 creatures vanquished

Notes
Turn   | Place    | Note
-------+----------+-------------------------------------------
     0 | D:1      | YellowHerb the Gargoyle Berserker began the quest for the
                  | Orb.
     0 | D:1      | Reached XP level 1. HP: 14/14 MP: 1/1
   256 | D:1      | Reached XP level 2. HP: 19/19 MP: 2/2
   611 | D:2      | Reached XP level 3. HP: 24/24 MP: 3/3
   632 | D:2      | Reached ** piety under Trog
   666 | D:2      | Noticed Jessica
   672 | D:2      | Killed Jessica
   672 | D:2      | Reached XP level 4. HP: 29/29 MP: 4/4
   985 | D:2      | Noticed Terence
   994 | D:2      | Killed Terence
  1064 | D:2      | Found a hide-covered altar of Uskayaw.
  1228 | D:2      | Reached XP level 5. HP: 29/33 MP: 5/5
  1633 | D:3      | Reached *** piety under Trog
  1726 | D:3      | Reached XP level 6. HP: 23/39 MP: 6/6
  1844 | D:3      | Reached skill level 1 in Axes
  1932 | D:3      | Found a transporter.
  1932 | D:3      | Found a transporter.
  1933 | D:3      | Noticed MalarOregon's ghost (amateur MiFi)
  2464 | D:3      | Killed MalarOregon's ghost
  2464 | D:3      | Reached skill level 2 in Axes
  2464 | D:3      | Reached XP level 7. HP: 44/44 MP: 7/7
  2643 | D:4      | Noticed a steam dragon
  2827 | D:4      | Reached skill level 3 in Axes
  2862 | D:4      | Gained mutation: You have large cloven feet. [potion of
                  | mutation]
  2862 | D:4      | Gained mutation: You have hoof-like feet. [potion of
                  | mutation]
  2910 | D:4      | Found a glowing golden altar of the Shining One.
  2948 | D:4      | Reached skill level 1 in Shields
  3040 | D:4      | Killed a steam dragon
  3119 | D:4      | Noticed Blork the orc
  3121 | D:4      | Reached **** piety under Trog
  3137 | D:4      | Killed Blork the orc
  3368 | D:4      | Reached skill level 5 in Shields
  3368 | D:4      | Reached XP level 8. HP: 48/48 MP: 8/8
  3474 | D:4      | Got a pair of faintly humming gloves
  3485 | D:4      | Identified the +0 pair of gloves "Deosutagg" {Str+7} (You
                  | found it on level 4 of the Dungeon)
  3514 | D:4      | Found Ehiph's Weapon Shoppe.
  3562 | D:4      | Found a basalt altar of Yredelemnul.
  3562 | D:4      | Found a sacrificial altar of Ru.
  3622 | D:5      | Entered Level 5 of the Dungeon
  3628 | D:5      | Noticed Ijyb
  3639 | D:5      | Killed Ijyb
  3840 | D:5      | Noticed Sigmund
  3849 | D:5      | Killed Sigmund
  3849 | D:5      | Reached skill level 1 in Throwing
  3861 | D:5      | Found a staircase to the Ecumenical Temple.
  3871 | D:5      | Reached skill level 4 in Axes
  3884 | D:5      | Reached skill level 5 in Fighting
  4101 | D:5      | Lost mutation: You have hoof-like feet. [potion of
                  | mutation]
  4101 | D:5      | Lost mutation: You have large cloven feet. [potion of
                  | mutation]
  4101 | D:5      | Gained mutation: You are clumsy. (Dex -2) [potion of
                  | mutation]
  4101 | D:5      | Gained mutation: You are partially covered in yellow
                  | scales. (AC +2) [potion of mutation]
  4101 | D:5      | Gained mutation: You are somewhat resistant to further
                  | mutation. [potion of mutation]
  4102 | D:5      | Lost mutation: You are somewhat resistant to further
                  | mutation. [potion of mutation]
  4102 | D:5      | Lost mutation: You are clumsy. (Dex -2) [potion of
                  | mutation]
  4102 | D:5      | Gained mutation: You are robust. (+10% HP) [potion of
                  | mutation]
  4102 | D:5      | Gained mutation: Scrolls take you a little longer to read.
                  | [potion of mutation]
  4102 | D:5      | Gained mutation: You tend to lose your temper in combat.
                  | [potion of mutation]
  4102 | D:5      | Gained mutation: Your mind is acute. (Int +2) [potion of
                  | mutation]
  4513 | D:6      | Reached skill level 5 in Axes
  4513 | D:6      | Reached XP level 9. HP: 40/59 MP: 9/9
  4670 | D:6      | Found Mucecogrya's Book Shoppe.
  4784 | D:6      | Found Ostibb's Distillery.
  4814 | D:6      | Bought a potion of curing for 33 gold pieces
  4814 | D:6      | Bought 2 potions of heal wounds for 110 gold pieces
  4814 | D:6      | Bought a potion of heal wounds for 55 gold pieces
  4814 | D:6      | Bought a potion of curing for 33 gold pieces
  4984 | D:6      | Found a bloodstained altar of Trog.
  4984 | D:6      | Found a shadowy altar of Dithmenos.
  4998 | D:6      | Found a glowing silver altar of Zin.
  5088 | D:6      | Reached ***** piety under Trog
  5216 | D:6      | Found Nuorown's Antique Weapon Boutique.
  5422 | D:7      | Noticed a hornet
  5437 | D:7      | Killed a hornet
  5437 | D:7      | Reached skill level 6 in Axes
  5810 | D:7      | Got a jacinth-encrusted leather armour
  5821 | D:7      | Identified the +2 leather armour of Ufuum {rCorr Int+4}
                  | (You found it on level 7 of the Dungeon)
  6415 | D:7      | Found a runed door.
  6419 | D:7      | Noticed Crazy Yiuf
  6425 | D:7      | Killed Crazy Yiuf
  6792 | D:8      | Reached skill level 7 in Axes
  6792 | D:8      | Reached skill level 5 in Dodging
  6944 | D:8      | Found a radiant altar of Vehumet.
  6984 | D:8      | Noticed a gargoyle
  7053 | D:8      | Killed a gargoyle
  7053 | D:8      | Reached XP level 10. HP: 38/67 MP: 10/10
  7077 | D:8      | Noticed a gargoyle
  7092 | D:8      | Killed a gargoyle
  7126 | D:8      | Noticed a gargoyle
  7129 | D:8      | Noticed a gargoyle
  7133 | D:8      | Killed a gargoyle
  7139 | D:8      | Killed a gargoyle
  7139 | D:8      | Received a gift from Trog
  7139 | D:8      | Reached skill level 8 in Axes
  7241 | D:8      | Found a deep blue altar of Sif Muna.
  7512 | D:9      | Found a blossoming altar of Fedhas.
  7649 | D:9      | Found a staircase to the Lair.
  7836 | D:9      | Received a gift from Trog
  7870 | D:9      | Found a staircase to the Orcish Mines.
  8202 | D:9      | Noticed a two-headed ogre
  8216 | D:9      | Killed a two-headed ogre
  8216 | D:9      | Reached skill level 9 in Axes
  8644 | D:10     | Entered Level 10 of the Dungeon
  8678 | D:10     | Reached XP level 11. HP: 60/73 MP: 11/11
  8962 | D:10     | Reached skill level 10 in Axes
  9063 | D:10     | Noticed a two-headed ogre
  9083 | D:10     | Killed a two-headed ogre
  9342 | D:11     | Found a bloodstained altar of Trog.
  9342 | D:11     | Noticed a two-headed ogre
  9359 | D:11     | Killed a two-headed ogre
  9555 | D:11     | Received a gift from Trog
  9801 | D:11     | Noticed a brown ugly thing
  9813 | D:11     | Killed a brown ugly thing
  9815 | D:11     | Reached skill level 11 in Axes
 10305 | D:12     | Noticed a cyclops
 10339 | D:12     | Killed a cyclops
 10353 | D:12     | Reached XP level 12. HP: 83/83 MP: 12/12
 10460 | D:12     | Reached skill level 12 in Axes
 10538 | D:12     | Noticed a four-headed hydra
 10559 | D:12     | Slain by a 19-headed hydra

Skill      XL: |  1  2  3  4  5  6  7  8  9 10 11 12 |
---------------+-------------------------------------+-----
Dodging        | 2 3 4 5 6 7 |  7.3
Fighting       | 4 5 6 7 9 |  9.5
Maces & Flails | 4 |  4.2
Armour         | 3 4 |  4.3
Axes           | 2 3 5 7 9 11 12 | 12.1
Shields        | 5 6 7 8 |  8.1
Throwing       | 2 |  2.6

Action                   |  1- 3 |  4- 6 |  7- 9 | 10-12 || total
-------------------------+-------+-------+-------+-------++-------
Melee: Mace              |    75 |   234 |       |       ||   309
       Hand axe          |       |   115 |   470 |   538 ||  1123
Throw: Tomahawk          |       |     2 |     5 |     1 ||     8
Invok: Berserk           |     2 |     4 |     7 |     8 ||    21
       Trog's Hand       |       |       |     1 |     2 ||     3
  Use: Scroll            |     4 |     6 |    10 |     4 ||    24
       Potion            |       |       |    10 |    10 ||    20
 Stab: Sleeping          |     1 |       |       |       ||     1
  Eat: Chunk             |       |     6 |    29 |    24 ||    59
       Ration            |       |     1 |     2 |     1 ||     4
Armor: Animal skin       |    11 |       |       |       ||    11
       Scale mail        |    33 |   107 |       |       ||   140
       Robe              |       |    14 |   204 |   122 ||   340
       Troll leather arm |       |       |       |   117 ||   117
Dodge: Dodged            |    63 |   145 |   253 |   367 ||   828
Block: Buckler           |       |       |    96 |   136 ||   232
